 Dungeon Crawl Stone Soup version 0.28.0-49-g6dfe1f597d (webtiles) character file.

Game seed: 17273982138971270050

727 Exodus22XD the Chopper (level 7, -2/61 HPs)
             Began as a Minotaur Fighter on May 20, 2022.
             Was a Believer of Okawaru.
             Slain by an orc knight
             ... wielding a +0 glaive
              (4 damage)
             ... in a bailey.
             The game lasted 00:04:39 (3470 turns).

Exodus22XD the Chopper (Minotaur Fighter)           Turns: 3470, Time: 00:04:39

Health: -2/61      AC: 20    Str: 23    XL:     7   Next: 44%
Magic:  6/8        EV:  5    Int:  5    God:    Okawaru [**....]
Gold:   242        SH:  6    Dex:  9    Spells: 6/6 levels left

rFire   . . .      SeeInvis .   a - +0 war axe
rCold   . . .      Faith    .   c - +0 buckler
rNeg    . . .      Spirit   .   s - +0 crystal plate armour
rPois   .          Reflect  .   (helmet restricted)
rElec   .          Harm     .   (no cloak)
rCorr   .          Rampage  .   (no gloves)
Will    .....                   (no boots)
Stlth   ..........              (no amulet)
HPRegen 0.20/turn               (no ring)
MPRegen 0.11/turn               (no ring)

@: mighty, heroic
A: horns 2, retaliatory headbutt
a: Renounce Religion, Heroism


You were in a bailey.
You worshipped Okawaru.
Okawaru was pleased with you.
You visited 1 branch of the dungeon, and saw 5 of its levels.
You also visited: Sewer and Bailey.

You collected 242 gold pieces.

Inventory:

Hand Weapons
 a - a +0 war axe (weapon)
 j - a +4 whip
Armour
 c - a +0 buckler (worn)
 i - a +0 plate armour
 m - a +0 kite shield
 s - a +0 crystal plate armour (worn)
Wands
 o - a wand of flame (5)
 q - a wand of paralysis (12)
Scrolls
 b - a scroll of noise {unknown}
 g - a scroll of identify {unknown}
 h - 2 scrolls of teleportation {unknown}
 k - 2 scrolls of torment {unknown}
 l - a scroll of fog {unknown}
 r - a scroll of silence {unknown}
Potions
 e - 2 potions of curing {unknown}
 f - 2 potions of degeneration {unknown}
 n - a potion of heal wounds
 p - 2 potions of flight


   Skills:
 + Level 5.0(10.0) Fighting
 + Level 6.6(11.6) Axes
 + Level 5.5(10.5) Armour
 + Level 4.7(9.7) Shields
 * Level 3.3 Invocations


You had 6 spell levels left.
You didn't know any spells.
Your spell library was empty.

Dungeon Overview and Level Annotations

Branches:
Dungeon (7/15)              Sewer (visited)          Bailey (1/1)
 Temple: D:4-7

Altars:
Ashenzari
Gozag
Kikubaaqudgha
Makhleb
Okawaru
Qazlal
Trog


Innate Abilities, Weirdness & Mutations

You have a pair of horns on your head.
You reflexively headbutt those who attack you in melee.


Message History

Things that are here:
a +0 trident; a +0 plate armour
There is a large open door here.
You close the large door.
You feel like a meek peon again.
Something unseen opens the large door.
You sense a monster nearby.
An orc comes into view. It is wielding a +0 trident.
The orc shouts!
You hear a shout! x2
An orc knight comes into view. It is wielding a +0 glaive.
The orc knight shouts!
The orc hits you with a +0 trident. The orc knight barely misses you.
You barely miss the orc. You headbutt the orc, but do no damage.
You block the orc's attack.
The orc knight roars a battlecry!
The orc goes into a battle-frenzy!
You gain the combat prowess of a mighty hero.
You block the orc's attack.
The orc knight hits you from afar with a +0 glaive!
* * * LOW HITPOINT WARNING * * *
You feel very mighty all of a sudden. The orc hits you with a +0 trident.
* * * LOW HITPOINT WARNING * * *
The orc knight hits you from afar with a +0 glaive.
* * * LOW HITPOINT WARNING * * *
An orc warrior comes into view. It is wielding a +0 glaive.
You feel much better. The orc hits you with a +0 trident.
* * * LOW HITPOINT WARNING * * *
The orc knight hits you from afar with a +0 glaive!
* * * LOW HITPOINT WARNING * * *
You slice the orc!!
You kill the orc!
Okawaru accepts your kill.
The orc knight roars a battlecry!
The orc warrior goes into a battle-frenzy!
You hear a shout!
An orc comes into view. It is wielding a +0 trident.
The orc shouts!
You hear a shout!
The orc knight hits you with a +0 glaive.
You die...

..# ..# # ..# #. ..#
#..########..#
##...8....8)..##
#.....o)).)))..#
.####'o####.$#
#..####.....@..####..≈≈#
#...................≈≈≈#
#♣....♣............≈≈≈≈#
♣♣♣♣...#....#...≈≈≈≈≈≈#
#♣♣≈≈≈≈≈#....#≈≈≈≈≈≈≈≈≈
#≈≈≈≈≈≈≈#.)).#≈≈≈≈≈≈≈♣
#≈≈≈≈≈≈≈#....#≈≈≈≈≈≈.♣
#≈≈≈≈≈≈≈#....#≈≈≈≈...♣
#≈≈≈....#....#......♣♣


You could see an orc knight and an orc warrior (strong).

Vanquished Creatures
  3 orc warriors (Bailey)
  A sky beast (D:7)
  2 kobold brigands (Sewer)
  A howler monkey (D:2)
  A centaur zombie (D:7)
  A river rat (Sewer)
  4 adders
  3 worms
  A dart slug (D:2)
  9 orcs
  10 endoplasms
  2 giant cockroaches
  6 hobgoblins
  5 jackals
  11 kobolds
  2 quokkas
  6 ball pythons
  3 bats
  3 frilled lizards
  A giant cockroach zombie (D:3)
  7 goblins
  A quokka zombie (D:3)
  11 rats
94 creatures vanquished.

Vanquished Creatures (others)
  A withered plant (D:3)
1 creature vanquished.

Grand Total: 95 creatures vanquished

Notes
Turn   | Place    | Note
-------+----------+-------------------------------------------
     0 | D:1      | Exodus22XD the Minotaur Fighter began the quest for the
                  | Orb.
     0 | D:1      | Reached XP level 1. HP: 19/19 MP: 0/0
   123 | D:1      | Reached XP level 2. HP: 26/27 MP: 1/1
   522 | D:1      | Noticed a floating eye
   524 | D:1      | Found a faded altar of an unknown god.
   525 | D:1      | Noticed a shining eye
   525 | D:1      | Noticed a golden eye
   525 | D:1      | Noticed an eye of devastation
   530 | D:1      | Prayed at the altar of an unknown god.
   530 | D:1      | Became a worshipper of Warmaster Okawaru
   530 | D:1      | Reached * piety under Okawaru
  1108 | D:1      | Found a stormy altar of Qazlal.
  1179 | D:2      | Reached XP level 3. HP: 30/33 MP: 2/2
  1296 | D:2      | Reached skill level 3 in Axes
  1296 | D:2      | Reached skill level 1 in Invocations
  1296 | D:2      | Reached XP level 4. HP: 39/40 MP: 3/3
  1884 | D:2      | Found a burning altar of Makhleb.
  2087 | D:3      | Found an ancient bone altar of Kikubaaqudgha.
  2087 | D:3      | Found a stormy altar of Qazlal.
  2087 | D:3      | Found a burning altar of Makhleb.
  2116 | D:3      | Found a broken altar of Ashenzari.
  2148 | D:3      | Found an opulent altar of Gozag.
  2158 | D:3      | Reached XP level 5. HP: 44/46 MP: 5/5
  2361 | D:3      | Found a bloodstained altar of Trog.
  2410 | D:3      | Found a glowing drain.
  2415 | Sewer    | Entered a sewer
  2424 | Sewer    | Reached skill level 4 in Axes
  2491 | Sewer    | Reached ** piety under Okawaru
  2496 | Sewer    | Reached skill level 5 in Axes
  2496 | Sewer    | Reached skill level 5 in Armour
  2496 | Sewer    | Reached XP level 6. HP: 40/53 MP: 6/6
  2607 | Sewer    | Found a white marble altar of Elyvilon.
  2953 | D:4      | You fall into a shaft and drop 3 floors!
  3067 | D:7      | Found a flagged portal.
  3067 | D:7      | Noticed a sky beast
  3077 | D:7      | Killed a sky beast
  3085 | Bailey   | Entered a bailey
  3130 | Bailey   | Noticed an orc warrior
  3130 | Bailey   | Noticed an orc warrior
  3143 | Bailey   | Killed an orc warrior
  3144 | Bailey   | Reached skill level 6 in Axes
  3144 | Bailey   | Reached XP level 7. HP: 23/60 MP: 6/8
  3422 | Bailey   | Reached skill level 5 in Fighting
  3463 | Bailey   | Noticed an orc knight
  3468 | Bailey   | HP: 2/61 [orc knight/+0 glaive (16)]
  3470 | Bailey   | Slain by an orc knight

Illustrated notes

Levels and vault maps discovered:
D:1:      dpeg_arrival_water_altar, layout_basic,
          hellmonk_ecumenical_altar_watching_god, roderic_roman_lattice,
          minmay_pentomino_p4
D:2:      layout_basic, basic_altar, hangedman_feature_mirror, st_stairs_6
D:3:      layout_basic, amcnicky_altar_gilded, general_overflow_altar,
          grunt_temple_overflow_open,
          nicolae_gozag_cash_rules_everything_around_me, portal_sewer_entry_e,
          serial_undead, serial_undead_e, serial_undead_c, serial_undead_e,
          serial_undead_e
D:4:      layout_basic
D:7:      layout_loops_ring, enter_bailey_2, gammafunk_ghost_smash
Bailey:   bailey_polearm_elven_captive_hellmonk, bailey

Skill      XL: |  1  2  3  4  5  6  7 |
---------------+----------------------+-----
Armour         | 4 5 |  5.5
Shields        | 4 |  4.7
Fighting       | 4 5 |  5.0
Axes           | 3 5 6 |  6.6
Invocations    | 1 2 3 |  3.3

Action                   |  1- 3 |  4- 6 |  7- 9 || total
-------------------------+-------+-------+-------++-------
Melee: War axe           |    63 |   125 |    29 ||   217
       Headbutt          |     5 |    19 |     3 ||    27
Invok: Heroism           |       |     1 |     3 ||     4
  Use: Potion            |       |     1 |     2 ||     3
Armor: Scale mail        |    24 |       |       ||    24
       Plate armour      |    33 |    79 |     2 ||   114
       Crystal plate arm |       |       |    23 ||    23
Dodge: Dodged            |    41 |    46 |    11 ||    98
Block: Buckler           |    12 |    38 |     9 ||    59
